[Event "FIDE Women GP Shimkent 2024"]
[Site "Shimkent"]
[Date "2024.10.30"]
[Round "1.1"]
[White "Lagno, Kateryna"]
[Black "Goryachkina, Aleksandra"]
[Result "1/2-1/2"]
[ECO "C54"]
[WhiteElo "2527"]
[BlackElo "2533"]
[Annotator "TA"]
[PlyCount "87"]
[EventDate "2024.10.11"]
[EventType "tourn"]
[EventCountry "KAZ"]
[SourceTitle "playchess.com"]
[Source "ChessBase"]
[SourceQuality "1"]
[TimeControl "40/5400+30:1800+30"]

1. e4 e5 2. Nf3 Nc6 3. Bc4 Bc5 4. c3 Nf6 5. d3 d6 6. h3 a5 {[%emt 0:05:16] C54: Giuoco Piano: 4 c3 Nf6, main lines with 5 d4 and 5 d3.} 7. Nbd2 O-O 8. O-O Ba7 9. Re1 Nh5 $146 ({Predecessor:} 9... Be6 10. Bb3 Bxb3 11. Qxb3 a4 12. Qc2 h6 13. Nf1 Re8 14. Ng3 d5 15. Bd2 Bc5 {½-½ Radjabov,T (2704)-Tomashevsky,E (2681) Moscow Stars Rapid 2024 (1)}) 10. Nf1 Qf6 11. Ne3 Bxe3 12. Bxe3 Nf4 13. d4 g5 14. Nh2 Qg6 15. f3 Kh8 16. Qd2 f6 17. Rac1 Ne7 18. b4 h5 19. Bf1 Rg8 20. bxa5 Qh6 ({Better is} 20... Nc6) 21. Kh1 $11 Rg6 (21... Qg6 $11) 22. c4 Qg7 (22... exd4 $16 {was worth a try.} 23. Bxd4 Nc6) 23. c5 $18 g4 (23... dxc5 $142 24. d5 (24. dxc5 Nc6 $14) (24. Rxc5 Ne6 $18) 24... b6) 24. hxg4 $18 (24. dxe5 dxe5 25. fxg4 hxg4 $16) 24... hxg4 25. fxg4 Bxg4 26. Bxf4 exf4 27. cxd6 (27. Qxf4 Qh6 28. Qxh6+ Rxh6 29. cxd6 cxd6) 27... cxd6 28. Qxf4 Rxa5 (28... Ng8 $142 29. a6 (29. Qxd6 Qh6 $18) 29... bxa6) 29. Rc7 $18 (29. Qxd6 Ng8 30. Nxg4 Rxg4 31. Qh2+ Qh7 32. Qxh7+ Kxh7 $18) 29... Bh3 30. Re2 (30. gxh3 $2 Rg1#) (30. Qxd6 Rxg2 31. Be2 (31. Qxe7 $2 Rg1#) (31. Qd8+ Kh7) 31... Re5 32. Qd8+ (32. dxe5 $2 Rxh2+ 33. Kxh2 Qg2#) 32... Kh7 $11) 30... Rag5 31. Qh4+ $2 (31. gxh3 $2 Rg1#) (31. Qxd6 $18 Nc8 32. Rxg7 Nxd6 33. Rxg6 Rxg6 34. gxh3) 31... Rh6 $14 32. Rxe7 Rxh4 33. Rxg7 Bxg2+ 34. Bxg2 Rxg7 35. Kg1 d5 36. exd5 Rxd4 37. Kf2 b5 (37... Kg8 $16 {keeps fighting.} 38. Rc2 Rd7) 38. Rb2 (38. Nf1 $18) 38... Ra7 39. Nf1 ({Don't play} 39. Rxb5 $6 Rd2+ 40. Kf3 Ra3+ 41. Rb3 Raxa2 $11 (41... Rxb3+ 42. axb3 Kg7 43. Nf1 $16)) (39. Ke3 $1 $16 Raa4 40. Nf1 (40. Rxb5 Rdc4 $18)) 39... Rda4 $11 40. Rxb5 Rxa2+ 41. Kf3 R7a3+ 42. Ne3 Rxg2 $1 43. Kxg2 Rxe3 44. Kf2 1/2-1/2

[Event "FIDE Women GP Shimkent 2024"]
[Site "Shimkent"]
[Date "2024.10.30"]
[Round "1.2"]
[White "Divya Deshmukh"]
[Black "Koneru, Humpy"]
[Result "1/2-1/2"]
[ECO "C45"]
[WhiteElo "2501"]
[BlackElo "2530"]
[Annotator "TA"]
[PlyCount "82"]
[EventDate "2024.10.11"]
[EventType "tourn"]
[EventCountry "KAZ"]
[SourceTitle "playchess.com"]
[Source "ChessBase"]
[SourceQuality "1"]
[TimeControl "40/5400+30:1800+30"]

1. e4 e5 2. Nf3 Nc6 3. d4 exd4 4. Nxd4 Bc5 5. Nb3 Bb6 6. Nc3 Qf6 7. Qe2 Nge7 8. h4 d6 9. Bg5 Qe6 {[%emt 0:06:49] The position is equal.} 10. O-O-O Bd7 11. g3 O-O-O 12. Bh3 Qg6 13. Bxd7+ Rxd7 14. f4 {[%emt 0:00:18][%cal Bf2f4,Bf4f5][%mdl 32] [#] Strongly threatening f5.} f6 15. f5 Qf7 16. Bf4 d5 17. Na4 {[%emt 0:03:37] Nbc5 would now be deadly.} Rdd8 18. Kb1 dxe4 19. Qxe4 Nd5 20. Nbc5 {[%emt 0:03:16] [#] Ne6 is the strong threat.} Nxf4 21. Qxf4 Rxd1+ 22. Rxd1 Rd8 {[%emt 0:00:24] Dodges Rd7} 23. Rxd8+ Nxd8 24. Qe4 Qf8 {[%emt 0:07:42] Black is weak on the light squares} 25. b4 c6 26. Nxb6+ axb6 $11 {[%emt 0:00:07][%mdl 4096] Endgame. KQN-KQN} 27. Na4 b5 28. Nc5 Qd6 29. g4 b6 30. Nd3 Kd7 31. Qe3 Kc7 32. Qe8 Qd7 33. Qe3 Nf7 34. Kc1 Nd6 35. Nf4 Nc4 36. Ne6+ Kb7 37. Qd3 Qxd3 38. cxd3 Ne3 39. Nxg7 {[%emt 0:01:35] Threatens to win with g5.} Nxg4 40. Kd2 c5 41. bxc5 bxc5 {[%emt 0:00:06] An even fight not without its subleties.   Weighted Error Value: White=0.03 (flawless) /Black=0.01 (flawless) .  Inaccurate:     	White=1     	---        OK:         	White=10    	Black=21     Best:        	---       	Black=1} 1/2-1/2

[Event "FIDE Women GP Shimkent 2024"]
[Site "Shimkent"]
[Date "2024.10.30"]
[Round "1.3"]
[White "Tan, Zhongyi"]
[Black "Paehtz, Elisabeth"]
[Result "1-0"]
[ECO "B50"]
[WhiteElo "2551"]
[BlackElo "2458"]
[Annotator "TA"]
[PlyCount "213"]
[EventDate "2024.10.11"]
[EventType "tourn"]
[EventCountry "KAZ"]
[SourceTitle "playchess.com"]
[Source "ChessBase"]
[SourceQuality "1"]
[TimeControl "40/5400+30:1800+30"]

1. e4 c5 2. Nf3 d6 3. c3 Nf6 4. Be2 Bd7 5. d3 Nc6 6. O-O g6 {[%emt 0:00:51] Fout (0.6)} ({Zwart kan het beste.} 6... e5 $11) 7. Nbd2 ({Wit zou moeten spelen} 7. Bg5 $14) 7... Bg7 $11 {[%emt 0:00:45] OK} 8. d4 {[%emt 0:01:44] De stelling is in evenwicht.} cxd4 9. cxd4 {[%emt 0:00:23] Onnauwkeurig} O-O 10. h3 (10. Re1 $11) 10... Rc8 $15 11. a3 Qb6 12. Nc4 {[%emt 0:05:20] Beste (Gemakkelijk)} Qc7 13. d5 Na5 14. Ncd2 Nh5 15. Re1 b5 16. Nb3 Nxb3 17. Qxb3 Qc2 18. Qxc2 Rxc2 19. Rb1 Rc7 20. Bd3 a6 21. Bg5 Nf6 22. Rbd1 Rfc8 23. Bb1 h6 24. Be3 Be8 25. Bb6 Rb7 26. Ba5 Nd7 27. Nd4 Nc5 28. Ba2 $1 {[%emt 0:00:10] Sterk} Na4 29. Re2 Nb6 {[%emt 0:03:14] Fout (0.5)} (29... g5 $15 {is aan te bevelen.}) 30. b3 $11 Nd7 31. f4 ({Beter is} 31. Ree1 $11) 31... Nf6 {[%emt 0:02:24] Fout (0.9)} ({Zwart doet er goed aan.} 31... Bxd4+ $15 32. Rxd4 Rc1+ 33. Kf2 Rb8) 32. g4 $14 {[%emt 0:02:27] Beste} Bd7 33. b4 $2 {[%emt 0:05:31] [#] Fout (1.9)} (33. Kg2 $16 {en de toekomst blijft veelbelovend.}) 33... Nxg4 $2 {[%emt 0:01:20] Fout (1.6)} 34. Nc6 $1 (34. hxg4 Bxg4 35. Kf1 Rc3 $17 (35... Bxe2+ 36. Nxe2 Rc2 37. Bb1 $17)) 34... Kf8 35. hxg4 Bxg4 {[%emt 0:00:03] [#]} 36. Kf2 {[%emt 0:00:33][%cal Bg1f2,Bf2e2,Be2d3][%mdl 32] EV=10.02. Goes to b5 (dbg))} Bxe2 (36... h5 37. Bb3) 37. Kxe2 g5 {[%emt 0:01:29] Fout (0.7)} (37... e6 $14) 38. fxg5 $1 $16 hxg5 39. Kd3 Bf6 $1 40. Bb3 Kg7 $1 41. Rh1 e6 42. Bd1 exd5 43. exd5 Re8 44. Bg4 {[%emt 0:00:00][%mdl 1024] Wit heeft compensatie.} Kg6 45. Rf1 Kg7 46. Rf2 Rh8 47. Bf5 Re8 48. Rh2 Kg8 {[%emt 0:00:49] [#]} ({Zwart heeft voordeel bij.} 48... Ra8 $14) 49. Re2 $1 Rf8 ({Voorkom te.} 49... Rxe2 $2 50. Kxe2 Kf8 51. Bc8 Re7+ 52. Nxe7 Kxe7 53. Bxa6 $18) 50. Ke4 Kg7 ({Speel niet} 50... Re8+ 51. Kd3 Ra8 (51... Rxe2 $2 52. Kxe2 Kf8 53. Bc8 $18) 52. Rf2 $11) 51. Rh2 Re8+ {[%emt 0:00:50] Is uitdagender.} 52. Kf3 Rf8 53. Kg4 Re8 54. Rh7+ Kg8 55. Rh6 Kg7 56. Rh5 Kg8 57. Rxg5+ ({Wit doet er goed aan.} 57. Rh6 $14 Kg7 58. Rh7+ Kg8 59. Rh1) 57... Bxg5 $11 58. Kxg5 Kg7 ({Vermijd te.} 58... Re3 $2 59. Bc8 Rbe7 60. Nxe7+ Rxe7 61. Bxa6 $18) 59. Bg4 Rh8 (59... Kf8 $11 {blijft gelijk.}) 60. Nd4 {[%emt 0:00:27] Ne6+ is een doorslaggevende dreiging.} ({Wit kiest ideaal voor. Wit heeft baat bij.} 60. Bd8 $16 Rxd8 61. Nxd8) 60... Kf8 61. Bd8 Rg8+ 62. Kf4 Ke8 63. Nc6 f5 64. Bh5+ Kd7 65. Bf6 (65. Kxf5 Rxd8 66. Nxd8 Kxd8 $19) 65... Rf8 66. Be7 {[%emt 0:01:19] Het loperpaar is mooi..} ({Onthoud je van.} 66. Kxf5 $6 Rc7 $16) 66... Rbb8 {[%emt 0:00:06] Fout (0.8)} 67. Bg6 {[%emt 0:00:36] Wit heeft actievere stukken.} (67. Nxb8+ Kxe7 68. Nxa6 Ra8) 67... Ra8 {[%emt 0:00:13] Fout (1.4)} ({Zwart zou moeten proberen} 67... Rfe8 $14) 68. Bxf8 $18 Rxf8 69. Bxf5+ Kc7 70. Kg5 ({Wit zou moeten proberen} 70. Nd4 Rh8 71. Ne6+ Kb6 72. Kg5) 70... Rg8+ $2 {[%emt 0:00:35][%mdl 8192] [#] Verliest partij (3.4)} (70... Re8 $16) 71. Kf6 $1 Rg3 72. Nd4 Rxa3 $2 {[%emt 0:00:21] Fout (3.2)} (72... Kd8 73. Kf7 Re3 74. Ne6+ Kd7 75. Ng7+ Kd8) 73. Ke7 Ra4 74. Ne6+ Kb6 75. Kxd6 Rxb4 76. Ke7 Rb2 77. d6 Rd2 78. Nf4 Rd4 79. d7 a5 {[%emt 0:00:43][%cal Ba6a5,Ba5a4][%mdl 32] EV=14.18. Goes to a3 (dbg))} 80. Be6 Rxd7+ 81. Bxd7 {[%emt 0:01:02] Kd6 dreigt fatale mat. Kd6 bedreigt onmiddellijk mat. Kd6 kondigt onafwendbaar mat aan.} Kc5 82. Ke6 a4 83. Ke5 Kc4 84. Be6+ Kc3 85. Nd5+ Kc4 86. Nc7+ Kc3 87. Nxb5+ Kb2 88. Kd4 a3 89. Nc3 Kc2 90. Kc4 Kb2 91. Kb4 {[%emt 0:00:08] Bd5 is een beslissende dreiging. Bd5 belooft een doorslaggevend voordeel.} Kc2 92. Nb5 Kb2 93. Nxa3 {[%emt 0:00:09] Wit zet mat.} Ka1 94. Nc4 Ka2 95. Kc3 Kb1 96. Nd2+ Ka1 97. Bf5 Ka2 98. Nb3 Ka3 99. Bb1 Ka4 100. Nd4 Ka5 101. Kc4 Kb6 102. Nb5 Kc6 103. Bf5 Kb6 104. Bd7 Ka5 105. Nc3 Kb6 106. Nd5+ Kb7 107. Kb5 {[%emt 0:00:07] Blunder waarde: Wit=0.15 (erg precies) /Zwart=0.17 (erg precies) .  Verliest partij:   	---       	Zwart=1      Fout:        	Wit=7      	Zwart=10     Onnauwkeurig:    	Wit=6      	Zwart=6      OK:         	Wit=22     	Zwart=27     Beste:        	Wit=5      	Zwart=2      Sterk:        	Wit=5      	Zwart=2} 1-0

[Event "FIDE Women GP Shimkent 2024"]
[Site "Shimkent"]
[Date "2024.10.30"]
[Round "1.4"]
[White "Munguntuul, Batkhuyag"]
[Black "Tsolakidou, Stavroula"]
[Result "0-1"]
[ECO "C60"]
[WhiteElo "2344"]
[BlackElo "2439"]
[Annotator "TA"]
[PlyCount "130"]
[EventDate "2024.10.11"]
[EventType "tourn"]
[EventCountry "KAZ"]
[SourceTitle "playchess.com"]
[Source "ChessBase"]
[SourceQuality "1"]
[TimeControl "40/5400+30:1800+30"]

1. e4 e5 2. Nf3 Nc6 3. Bb5 a6 4. Ba4 Nge7 5. O-O Ng6 6. c3 {[%emt 0:00:09] C60: Ruy Lopez: Unusual Black 3rd moves and 3...g6.} d5 7. exd5 Qxd5 8. d4 Bg4 9. dxe5 O-O-O 10. Qxd5 Rxd5 11. Nbd2 Ncxe5 12. Nxe5 Nxe5 13. Bb3 Rd8 $146 ({Predecessor:} 13... Rd7 14. Ne4 Nd3 15. f3 Bf5 16. Rb1 Bxe4 17. fxe4 Bc5+ 18. Kh1 Nf2+ 19. Kg1 Nxe4+ {0-1 Kobalia,M (2590)-Sadhwani,R (2619) Titled Tuesday intern op 21st Jun Early blitz 2022 (7)}) 14. Ne4 f6 15. Be3 Nd3 16. f3 Bf5 17. Rad1 Be7 18. Rd2 Bxe4 19. fxe4 Nc5 20. Bc2 Rxd2 21. Bxd2 Bd6 22. Re1 h5 23. g3 Nd7 24. Kg2 h4 25. Bf4 Ne5 26. Bxe5 Bxe5 27. Rd1 hxg3 28. hxg3 c6 29. Bb3 Kc7 30. Be6 Bd6 31. Bg4 b5 32. b3 g5 33. Be2 Re8 34. Kf3 Bc5 35. Bd3 Rd8 36. Be2 Rh8 37. Kg2 Re8 38. Bd3 a5 39. Kf3 Bd6 40. Bc2 Be5 41. Rd3 Rh8 42. Kg2 Kb6 43. Bd1 Kc5 44. Bg4 Ra8 45. Be6 Re8 46. Bg4 a4 47. b4+ Kb6 $1 ({Avoid the trap} 47... Kc4 $2 48. Be2 Bxc3 49. Rd8+ Kxb4 50. Rxe8 $18) 48. Kf2 Re7 49. Be2 ({White should try} 49. Bf5 $15) 49... Rc7 50. Ke1 (50. Bh5 $17) 50... Rh7 $19 51. Kd2 (51. Re3 $17 {was worth a try.}) 51... Rh1 $19 52. Bd1 Rg1 53. a3 $2 (53. g4 {was the only defense.}) 53... Bxg3 $19 54. c4 (54. Rf3 $142 Be5 55. Ke2) 54... bxc4 $19 55. Rd7 Be5 56. Bxa4 Ra1 57. Bc2 Rxa3 58. Rg7 Rg3 59. Rf7 g4 60. Bd1 Rd3+ 61. Kc2 g3 62. Rg7 Bf4 63. Rg4 Rd2+ 64. Kc1 g2 65. Rxf4 Rxd1+ (65... g1=R $2 {too greedy.} 66. Kxd2 Kb5 67. Rxf6 $18) 0-1

[Event "FIDE Women GP Shimkent 2024"]
[Site "Shimkent"]
[Date "2024.10.30"]
[Round "1.5"]
[White "Salimova, Nurgyul"]
[Black "Assaubayeva, Bibisara"]
[Result "0-1"]
[ECO "A31"]
[WhiteElo "2405"]
[BlackElo "2487"]
[Annotator "TA"]
[PlyCount "82"]
[EventDate "2024.10.11"]
[EventType "tourn"]
[EventCountry "KAZ"]
[SourceTitle "playchess.com"]
[Source "ChessBase"]
[SourceQuality "1"]
[TimeControl "40/5400+30:1800+30"]

1. d4 Nf6 2. Nf3 g6 3. g3 c5 4. Bg2 Bg7 5. c4 cxd4 6. Nxd4 Nc6 7. O-O h5 8. Nc3 h4 9. c5 hxg3 {[%emt 0:00:48] The position is equal.} 10. hxg3 Rh5 11. Nb3 d6 12. cxd6 Bh3 13. Bxh3 Rxh3 {[%emt 0:00:16] [#]} 14. d7+ Nxd7 (14... Qxd7 {simplifies} 15. Qxd7+ Nxd7 16. Kg2 Rh5) 15. Bf4 Qc8 16. Kg2 Nf6 17. Rh1 Rxh1 18. Qxh1 Nh5 19. Be3 Ne5 20. f3 Nc4 21. Bf2 Nxb2 22. Ne4 Qe6 23. Rc1 b6 24. Qh4 {[%emt 0:02:59] [#]} (24. Bd4 $11 {keeps the balance.} Bxd4 25. Nxd4) 24... Rc8 (24... Rd8 $1 $17 25. Qg5 f5) 25. Rxc8+ (25. Nd4 $15 Qd7 (25... Qxa2 26. Rxc8+ Kd7 27. Rc7+ Kxc7 28. Qxe7+ Kb8 29. Nd6) 26. Rxc8+ Qxc8 27. Qg5) 25... Qxc8 $17 26. Qg5 Nf6 27. Nxf6+ Bxf6 28. Qd5 Kf8 29. Nd4 Qc4 30. Qxc4 Nxc4 {[%emt 0:00:02][%mdl 4096] Endgame. KBN-KBN} 31. Nb5 a5 32. a4 $2 {[%emt 0:00:26] White does not recover from this.} (32. f4 $17 {keeps fighting.}) 32... Ke8 $19 33. f4 Kd7 34. e4 e6 35. e5 Be7 36. Kf3 Kc6 37. Bd4 Kd5 38. Bf2 (38. g4 $142) 38... Bc5 {[%emt 0:01:25] Black is clearly winning.} 39. Be1 Nb2 40. Nc3+ Kc6 41. Ne4 Be7 {[%emt 0:00:22] Weighted Error Value: White=0.24 (precise) /Black=0.10 (very precise) .  Mistake:       	White=5     	Black=1      Inaccurate:     	White=1     	Black=3      OK:         	White=14    	Black=16     Best:        	---       	Black=2} 0-1